 Dungeon Crawl Stone Soup version 0.18-b1-14-g029dad2 (webtiles) character file.

67 Nekros the Covert (level 3, 0/27 HPs)
             Began as a Vampire Assassin on Apr 30, 2016.
             Killed by divine providence
             ... invoked by an orc priest
              (11 damage)
             ... on level 3 of the Dungeon.
             The game lasted 00:19:08 (3564 turns).

Nekros the Covert (Vampire Assassin)                Turns: 3564, Time: 00:19:09

Health: 0/27       AC:  5    Str:  8 (10) XL:     3   Next: 98%
Magic:  3/3        EV: 12    Int: 14 (15) God:
Gold:   66         SH:  0    Dex: 15 (16) Spells: 0 memorised, 2 levels left

rFire  . . .     SeeInvis +     a - +2 dagger
rCold  + . .     Gourm    .     c - +0 robe
rNeg   + + .     Faith    .     (no shield)
rPois  +         Spirit   .     (no helmet)
rElec  .         Dismiss  .     d - +2 cloak
rCorr  .         Reflect  .     (no gloves)
SustAt .         Harm     .     (no boots)
MR     .....                    (no amulet)
Stlth  +++++.....               t - ring of wizardry
                                q - +2 ring of intelligence

@: regenerating slowly, not resistant to hostile enchantments, quite stealthy
A: fangs 3, see invisible, unbreathing
a: Bat Form


You were on level 3 of the Dungeon.
You were thirsty.

You visited 1 branch of the dungeon, and saw 3 of its levels.

You collected 66 gold pieces.

Inventory:

Hand Weapons
 a - a +2 dagger (weapon)
 b - a +0 blowgun
Missiles
 e - 16 poisoned needles
 f - a curare-tipped needle
Armour
 c - a +0 robe (worn)
 d - a +2 cloak (worn)
Magical Staves
 n - an uncursed staff of power {unknown}
Jewellery
 q - a +2 ring of intelligence (left hand)
 t - a ring of wizardry (right hand)
Scrolls
 h - 2 scrolls of recharging {unknown}
 k - a scroll of enchant armour
 m - a scroll of identify
 o - a scroll of remove curse
 p - a scroll of teleportation
Potions
 g - 7 potions of blood
 i - 3 potions of curing
 j - a potion of degeneration
 l - a potion of cure mutation {unknown}


   Skills:
 - Level 1.7 Fighting
 - Level 2.1 Short Blades
 - Level 1.5 Throwing
 - Level 1.1 Dodging
 * Level 8.5 Stealth


You had 2 spell levels left.
You didn't know any spells.

Dungeon Overview and Level Annotations

Branches:
Dungeon (3/15)

Altars:
Trog

Annotations:
D:2 Terence


Innate Abilities, Weirdness & Mutations

You heal slowly.
You have razor-sharp teeth.
You have supernaturally acute eyesight.
You can survive without breathing.


Message History

The bat closely misses you. The bat barely misses you.
The orc priest hits you but does no damage.
You hit the orc priest but do no damage.
You bite the orc priest.
You draw the orc priest's blood!
You feel better.
You feel slightly less thirsty.
The orc priest is heavily wounded.
The bat hits you but does no damage. The orc priest closely misses you.
You hit the orc priest but do no damage.
The orc priest is heavily wounded.
The orc priest hits you with a short sword.
You hit the orc priest.
The orc priest is severely wounded.
The bat barely misses you.
The orc priest hits you but does no damage.
You completely miss the orc priest.
The orc priest is severely wounded.
The bat barely misses you.
The orc priest mumbles some strange prayers to Beogh against you.
Beogh smites you!
You die...

#.###...#
#.)....#####
#.#.._.....##
#.##....###.##
#.###..##
##.#####
#.##..##
##.<...
#)....# #.####
#######.##..#
#.#
......o@###..#
.## #######b#
#.#.# .# #.. .
.# ###. ## .#
#


You could see an orc priest and a bat.

Vanquished Creatures
  An adder (D:2)
  An ooze (D:1)
  2 worms (D:2)
  A dart slug (D:1)
  3 giant geckos
  2 orcs (D:3)
  2 bats
  3 giant cockroaches
  5 goblins
  6 hobgoblins
  9 giant newts
  2 kobolds
  4 rats
41 creatures vanquished.

Notes
Turn   | Place    | Note
--------------------------------------------------------------
     0 | D:1      | Nekros the Vampire Assassin began the quest for the Orb.
     0 | D:1      | Reached XP level 1. HP: 16/16 MP: 1/1
    66 | D:1      | Reached skill level 6 in Stealth
   221 | D:1      | Reached XP level 2. HP: 20/22 MP: 2/2
   339 | D:1      | Reached skill level 7 in Stealth
   638 | D:2      | Reached XP level 3. HP: 26/27 MP: 3/3
  1087 | D:2      | Noticed Terence
  1482 | D:1      | Reached skill level 8 in Stealth
  3525 | D:3      | Found a bloodstained altar of Trog.
  3564 | D:3      | Killed from afar by an orc priest

Skill      XL: |  1  2  3 |
---------------+----------+-----
Stealth        | 6 7 8 |  8.5
Fighting       | |  1.7
Short Blades   | |  2.1
Throwing       | |  1.5
Dodging        | |  1.1

Action                   || total
-------------------------++-------
Melee: Dagger            ||   139
       Bite              ||     9
 Fire: Blowgun           ||    19
 Abil: End Transformatio ||     4
       Bat Form          ||     4
  Use: Potion            ||    11
       Scroll            ||     7
 Stab: Sleeping          ||     9
Armor: Robe              ||    26
Dodge: Dodged            ||    71
